 Dungeon Crawl Stone Soup version 0.29.0-4-gdea44cf6ec (webtiles) character file.

Game seed: 5138483260958902280

39498 qw the Brawler (level 13, -2/127 HPs)
             Began as a Troll Cinder Acolyte on Sept 1, 2022.
             Was an Elder of Okawaru.
             Slain by a cane toad (14 damage)
             ... on level 5 of the Lair of Beasts.
             The game lasted 00:07:59 (12387 turns).

qw the Brawler (Troll Cinder Acolyte)              Turns: 12387, Time: 00:07:59

Health: -2/127     AC: 13    Str: 29    XL:     13   Next: 69%
Magic:  15/15      EV: 10    Int: 10    God:    Okawaru [****..]
Gold:   1225       SH:  0    Dex:  5    Spells: 14/14 levels left

rFire   . . .      SeeInvis .     - Unarmed
rCold   . . .      Faith    .   (no shield)
rNeg    . . .      Spirit   .   e - +0 troll leather armour {Pargi}
rPois   +          Reflect  .   p - +2 hat
rElec   .          Harm     .   (no cloak)
rCorr   .          Rampage  .   (gloves unavailable)
Will    .....                   (boots unavailable)
Stlth   ++........              g - amulet of the acrobat
HPRegen 1.91/turn               s - ring of poison resistance
MPRegen 0.14/turn               f - +4 ring of protection

@: about to teleport, heroic, frozen, slowed, fire susceptible, very slow
A: large, unfitting armour, claws 3, regeneration 1, shaggy fur 1, tough skin 1
a: Renounce Religion, Heroism, Finesse


You were on level 5 of the Lair of Beasts.
You worshipped Okawaru.
Okawaru was greatly pleased with you.
You visited 3 branches of the dungeon, and saw 16 of its levels.
You also visited: Sewer.

You collected 1355 gold pieces.
You spent 130 gold pieces at shops.


Innate Abilities, Weirdness & Mutations

You are too large for most types of armour.
You have claws for hands.
Your natural rate of healing is unusually fast.
You are covered in fur. (AC +1)
You have tough skin. (AC +1)


   Skills:
 + Level 8.1(13.1) Fighting
 - Level 8.0(13.0) Throwing
 - Level 2.1(7.1) Armour
 - Level 2.0(7.0) Dodging
 - Level 19.0(24.0) Unarmed Combat
 - Level 1.0 Spellcasting
 - Level 2.1 Fire Magic
 + Level 5.3 Invocations


You had 14 spell levels left.
You didn't know any spells.
Your spell library contained the following spells:

 Spells                   Type           Power      Damage    Failure   Level
 Scorch                   Fire           8%         2d5       24%         2

Inventory:

Missiles
 a - 2 boomerangs (quivered)
 o - a large rock
Armour
 e - a +0 troll leather armour (worn) {Pargi}
 p - a +2 hat (worn)
Jewellery
 f - a +4 ring of protection (right claw)
 g - an amulet of the acrobat (around neck)
 l - a ring of protection from fire
 m - an amulet of regeneration
 s - a ring of poison resistance (left claw)
 Y - a ring of protection from cold
Scrolls
 c - a scroll of fear {unknown}
 i - a scroll of brand weapon
 n - 2 scrolls of identify
 q - 2 scrolls of teleportation
Potions
 b - 14 potions of curing
 d - 2 potions of resistance
 h - 5 potions of haste
 j - a potion of might
 k - a potion of mutation

Dungeon Overview and Level Annotations

Branches:
Dungeon (10/15)            Temple (1/1) D:4            Lair (5/5) D:10
  Swamp (0/4) Lair:2       Spider (0/4) Lair:3        Slime (0/5) Lair:4
  Sewer (visited)
    Orc: D:9-12

Altars:
Ashenzari
Dithmenos
Elyvilon
Fedhas
Gozag
Hepliaklqana
Kikubaaqudgha
Makhleb
Nemelex Xobeh
Okawaru
Qazlal
Sif Muna
Trog
Uskayaw
Vehumet
Wu Jian
Xom
Yredelemnul
Zin
The Shining One
Jiyva

Shops:
D:4 !

Annotations:
Temple 4 transporters
Lair:2 3 runed translucent doors, qw's ghost, journeyman TrCA


Message History

The water moccasin bites you! The elephant tramples you.
You hold your ground!
The elephant trunk-slaps you but does no damage.
The water moccasin misses you.
You scratch the elephant.
The elephant is lightly wounded.
The cane toad stings you but does no damage.
The elephant barely misses you.
The elephant trunk-slaps you but does no damage.
The elephant completely misses you.
The elephant trunk-slaps you but does no damage.
The water moccasin closely misses you.
A rime drake comes into view.
You claw the elephant!
The elephant is moderately wounded.
The cane toad misses you. The elephant tramples you!
You stumble backwards!
The elephant tramples you!
You hold your ground!
The elephant trunk-slaps you but does no damage.
You eviscerate the elephant!!!
The elephant is severely wounded.
The rime drake breathes ice at you. The flash freeze hits you!
You are encased in ice.
The cane toad stings you! The elephant closely misses you.
The elephant barely misses you. The elephant tramples you!
You hold your ground!
The elephant trunk-slaps you but does no damage.
12386 ||| READING 3 scrolls of teleportation.
As you read the scroll of teleportation, it crumbles to dust.
You feel strangely unstable. The cane toad closely misses you.
The elephant tramples you.
You hold your ground!
The elephant trunk-slaps you but does no damage.
The elephant tramples you.
You hold your ground!
The elephant trunk-slaps you. The cane toad barely misses you.
You scratch the elephant but do no damage.
The elephant is severely wounded.
The elephant barely misses you. The elephant completely misses you.
The elephant tramples you.
You hold your ground!
The elephant trunk-slaps you but does no damage.
The cane toad stings you!
You die...

## S..## .#
### #.P# ##
###...#...
#...k.....
#....#....
#P.....#
##..###.#
##
#@F.#...##
#..
#YYw#...?#
#..
#S..#Fw. #.
##..#.###
#. #..%...#
##
#..........
#.
###.....#..
#.
....#....
#.# #...#
#.# #


You could see 2 elephants, a torpor snail, a cane toad, a rime drake and a water
moccasin.

Vanquished Creatures
  5 hydras
  A boulder beetle (D:8)
  2 catoblepae
  A centaur warrior (D:8)
  6 death yaks (Lair:5)
  A two-headed ogre (D:10)
  Pikel (D:8)
  An orc knight (D:8)
  Joseph (D:8)
  6 elephants
  8 black mambas
  A gargoyle (D:8)
  7 cane toads
  7 komodo dragons
  4 rime drakes
  A polar bear (Lair:5)
  2 hornets
  2 trolls (D:10)
  A tyrant leech (Lair:2)
  8 blink frogs
  Prince Ribbit (D:5)
  3 slime creatures
  A culicivora (Lair:3)
  A wraith (D:10)
  9 wyverns
  A vampire (D:8)
  11 fire elementals
  32 yaks
  2 basilisks
  A steam dragon (D:8)
  A vampire mosquito (D:8)
  A warg (D:8)
  2 swamp worms (Lair:2)
  Menkaure (D:7)
  2 acid dragons (D:8)
  12 water moccasins
  Pargi (Sewer)
  3 orc warriors
  4 ice beasts
  Duvessa (D:5)
  2 black bears (D:10)
  4 centaurs
  22 wolves
  A lemure (D:9)
  Blork the orc (D:5)
  7 kobold brigands
  6 scorpions
  10 bullfrogs
  A gnoll sergeant (D:9)
  A necrophage (D:8)
  16 wights
  Dowan (D:5)
  4 killer bees
  3 electric eels
  2 howler monkeys
  A jelly (Lair:4)
  3 hounds
  5 orc priests
  2 iguanas
  7 orc wizards
  7 gnolls
  7 adders
  3 shadow imps
  A white imp (D:8)
  2 ufetubi
  5 worms
  A dart slug (D:5)
  34 orcs
  11 endoplasms
  A giant cockroach (D:2)
  6 hobgoblins
  5 jackals
  2 quokkas (D:4)
  9 ball pythons
  15 bats
  3 frilled lizards
  7 goblins
  33 kobolds
  7 rats
  A butterfly (D:4)
415 creatures vanquished.

Vanquished Creatures (others)
  66 fungi
  79 plants
145 creatures vanquished.

Grand Total: 560 creatures vanquished

Notes
Turn   | Place    | Note
-------+----------+-------------------------------------------
     0 | D:1      | qw the Troll Cinder Acolyte began the quest for the Orb.
     0 | D:1      | Reached XP level 1. HP: 22/22 MP: 1/1
     0 | D:1      | 0 ||| qw: Version: 0.1-a-97-g2dd2ca4
     0 | D:1      | 0 ||| qw: Game counter: 4688
     0 | D:1      | 0 ||| qw: Always use a shield: true
     0 | D:1      | 0 ||| qw: God list: Okawaru
     0 | D:1      | 0 ||| qw: Allow faded altars: false
     0 | D:1      | 0 ||| qw: Do Orc after D:15 true
     0 | D:1      | 0 ||| qw: Do second Lair branch before Depths: true
     0 | D:1      | 0 ||| qw: Lair rune preference: random
     0 | D:1      | 0 ||| qw: Plans: Normal
     0 | D:1      | 0 ||| PLANNING D:1-11
   177 | D:1      | 177 ||| Stepping ~*~*~tactically~*~*~ (outnumbered).
   179 | D:1      | Reached XP level 2. HP: 29/29 MP: 2/2
   493 | D:1      | Reached skill level 4 in Unarmed Combat
   502 | D:1      | Found a faded altar of an unknown god.
   756 | D:1      | 756 ||| UPGRADING to +4 ring of protection.
   757 | D:1      | 757 ||| UPGRADING to ring of protection from cold.
   758 | D:1      | 758 ||| READING 2 scrolls labelled VOCKANOUST.
   762 | D:1      | 762 ||| READING scroll labelled YTHRAC JAW ZOTS.
   763 | D:1      | 763 ||| READING scroll labelled XOFUCL JUNWIAMI.
   764 | D:1      | 764 ||| DRINKING 4 grey potions.
   834 | D:2      | Reached XP level 3. HP: 36/36 MP: 3/3
   973 | D:2      | 973 ||| Stepping ~*~*~tactically~*~*~ (stealth).
   980 | D:2      | 980 ||| Stepping ~*~*~tactically~*~*~ (outnumbered).
  1053 | D:2      | 1053 ||| Stepping ~*~*~tactically~*~*~ (stealth).
  1054 | D:2      | 1054 ||| Stepping ~*~*~tactically~*~*~ (stealth).
  1056 | D:2      | 1056 ||| Stepping ~*~*~tactically~*~*~ (stealth).
  1057 | D:2      | 1057 ||| Stepping ~*~*~tactically~*~*~ (stealth).
  1058 | D:2      | 1058 ||| Stepping ~*~*~tactically~*~*~ (stealth).
  1060 | D:2      | 1060 ||| Stepping ~*~*~tactically~*~*~ (stealth).
  1061 | D:2      | 1061 ||| Stepping ~*~*~tactically~*~*~ (stealth).
  1425 | D:2      | 1425 ||| READING scroll labelled VORHEBRITO.
  1426 | D:2      | 1426 ||| READING scroll labelled KAIBLO OXOTHU.
  1427 | D:2      | 1427 ||| READING scroll labelled UPPUCREDOLO.
  1428 | D:2      | 1428 ||| READING scroll of teleportation.
  1465 | D:3      | Reached XP level 4. HP: 44/44 MP: 4/4
  1684 | D:3      | 1684 ||| Stepping ~*~*~tactically~*~*~ (hiding).
  1688 | D:3      | 1688 ||| INVOKING Fiery Armour.
  1692 | D:3      | Reached skill level 5 in Unarmed Combat
  1792 | D:3      | 1792 ||| Stepping ~*~*~tactically~*~*~ (stealth).
  1796 | D:3      | 1796 ||| Stepping ~*~*~tactically~*~*~ (stealth).
  1799 | D:3      | 1799 ||| Stepping ~*~*~tactically~*~*~ (outnumbered).
  1863 | D:3      | 1863 ||| Stepping ~*~*~tactically~*~*~ (hiding).
  1869 | D:3      | Reached XP level 5. HP: 50/50 MP: 5/5
  1869 | D:3      | 1869 ||| Stepping ~*~*~tactically~*~*~ (hiding).
  1878 | D:3      | 1878 ||| DRINKING 6 potions of curing.
  1878 | D:3      | 1878 ||| (to cure confusion)
  1888 | D:3      | Reached skill level 6 in Unarmed Combat
  1969 | D:3      | Found a sparkling altar of Nemelex Xobeh.
  2294 | D:3      | 2294 ||| READING scroll labelled OGIZ MIWAKLELO.
  2295 | D:3      | 2295 ||| READING 3 scrolls labelled QYK URRUESEUSM.
  2296 | D:3      | 2296 ||| READING scroll labelled RINOUSU ZYNI.
  2297 | D:3      | 2297 ||| READING 2 scrolls of identify.
  2297 | D:3      | 2297 ||| IDENTIFYING fizzy coppery potion
  2316 | D:4      | Found a staircase to the Ecumenical Temple.
  2317 | D:4      | 2317 ||| PLANNING SEWER
  2334 | D:4      | Found a glowing drain.
  2356 | Sewer    | Entered a sewer
  2397 | Sewer    | Noticed Pargi
  2409 | Sewer    | Killed Pargi
  2410 | Sewer    | Reached skill level 7 in Unarmed Combat
  2410 | Sewer    | Reached XP level 6. HP: 58/59 MP: 6/6
  2444 | Sewer    | 2444 ||| UPGRADING to +0 troll leather armour {Pargi}.
  2454 | Sewer    | 2454 ||| DROPPING +0 robe.
  2463 | D:4      | 2463 ||| PLANNING D:1-11
  2464 | D:4      | 2464 ||| Stepping ~*~*~tactically~*~*~ (stealth).
  2484 | D:4      | 2484 ||| Stepping ~*~*~tactically~*~*~ (outnumbered).
  2485 | D:4      | 2485 ||| Stepping ~*~*~tactically~*~*~ (outnumbered).
  2486 | D:4      | 2486 ||| Stepping ~*~*~tactically~*~*~ (outnumbered).
  2487 | D:4      | 2487 ||| Stepping ~*~*~tactically~*~*~ (outnumbered).
  2570 | D:4      | 2570 ||| Stepping ~*~*~tactically~*~*~ (hiding).
  2655 | D:4      | 2655 ||| Stepping ~*~*~tactically~*~*~ (stealth).
  2656 | D:4      | 2656 ||| Stepping ~*~*~tactically~*~*~ (stealth).
  2662 | D:4      | 2662 ||| Stepping ~*~*~tactically~*~*~ (stealth).
  2663 | D:4      | 2663 ||| Stepping ~*~*~tactically~*~*~ (stealth).
  2673 | D:4      | Found Hipniddy's Distillery.
  2686 | D:4      | 2686 ||| BUYING potion of curing (30 gold).
  2686 | D:4      | Bought a potion of curing for 30 gold pieces
  2686 | D:4      | 2686 ||| BUYING potion of haste (100 gold).
  2686 | D:4      | Bought a potion of haste for 100 gold pieces
  2686 | D:4      | 2686 ||| SHOPLISTING potion of mutation (80 gold, have 76).
  2752 | D:4      | Found an ancient bone altar of Kikubaaqudgha.
  2913 | D:4      | 2913 ||| Stepping ~*~*~tactically~*~*~ (stealth).
  2914 | D:4      | 2914 ||| Stepping ~*~*~tactically~*~*~ (stealth).
  3026 | D:4      | Found a glowing silver altar of Zin.
  3026 | D:4      | Noticed an angel
  3195 | D:4      | 3195 ||| Stepping ~*~*~tactically~*~*~ (stealth).
  3196 | D:4      | 3196 ||| Stepping ~*~*~tactically~*~*~ (stealth).
  3204 | D:4      | Reached skill level 8 in Unarmed Combat
  3275 | D:4      | Reached XP level 7. HP: 66/66 MP: 7/7
  3402 | D:4      | 3402 ||| Stepping ~*~*~tactically~*~*~ (stealth).
  3412 | D:4      | 3412 ||| DRINKING 3 yellow potions.
  3513 | D:4      | 3513 ||| READING 2 scrolls of identify.
  3513 | D:4      | 3513 ||| IDENTIFYING fuming cyan potion
  3514 | D:4      | 3514 ||| DROPPING 2 potions of ambrosia.
  3515 | D:4      | 3515 ||| DROPPING potion of berserk rage.
  3551 | D:5      | Entered Level 5 of the Dungeon
  3552 | D:5      | 3552 ||| STAIRDANCE
  3557 | D:5      | 3557 ||| STAIRDANCE
  3561 | D:4      | Reached skill level 3 in Fighting
  3646 | D:5      | Noticed Duvessa
  3646 | D:5      | Noticed Dowan
  3647 | D:5      | 3647 ||| INVOKING Fiery Armour.
  3651 | D:5      | Killed Duvessa
  3656 | D:5      | Killed Dowan
  3657 | D:5      | Reached skill level 9 in Unarmed Combat
  3721 | D:5      | 3721 ||| Stepping ~*~*~tactically~*~*~ (outnumbered).
  3778 | D:5      | Noticed Prince Ribbit
  3780 | D:5      | Reached skill level 1 in Throwing
  3803 | D:5      | Killed Prince Ribbit
  3804 | D:5      | Reached XP level 8. HP: 75/75 MP: 8/8
  3834 | D:5      | 3834 ||| Stepping ~*~*~tactically~*~*~ (hiding).
  3838 | D:5      | 3838 ||| INVOKING Fiery Armour.
  3843 | D:5      | 3843 ||| Stepping ~*~*~tactically~*~*~ (hiding).
  3854 | D:5      | Reached skill level 3 in Throwing
  3931 | D:5      | Noticed Blork the orc
  3940 | D:5      | Killed Blork the orc
  4027 | D:6      | 4027 ||| Stepping ~*~*~tactically~*~*~ (hiding).
  4028 | D:6      | 4028 ||| Stepping ~*~*~tactically~*~*~ (hiding).
  4041 | D:6      | Reached skill level 10 in Unarmed Combat
  4049 | D:6      | Reached skill level 1 in Dodging
  4052 | D:6      | Reached skill level 1 in Armour
  4186 | D:6      | 4186 ||| Stepping ~*~*~tactically~*~*~ (stealth).
  4187 | D:6      | 4187 ||| Stepping ~*~*~tactically~*~*~ (stealth).
  4188 | D:6      | 4188 ||| Stepping ~*~*~tactically~*~*~ (stealth).
  4189 | D:6      | 4189 ||| Stepping ~*~*~tactically~*~*~ (stealth).
  4192 | D:6      | 4192 ||| Stepping ~*~*~tactically~*~*~ (stealth).
  4239 | D:6      | 4239 ||| Stepping ~*~*~tactically~*~*~ (stealth).
  4240 | D:6      | 4240 ||| Stepping ~*~*~tactically~*~*~ (stealth).
  4296 | D:6      | 4296 ||| Stepping ~*~*~tactically~*~*~ (stealth).
  4298 | D:6      | 4298 ||| Stepping ~*~*~tactically~*~*~ (stealth).
  4299 | D:6      | 4299 ||| Stepping ~*~*~tactically~*~*~ (stealth).
  4378 | D:6      | Identified the +1 sling "Vaum" {vorpal, Int+2}
  4420 | D:6      | 4420 ||| INVOKING Fiery Armour.
  4526 | D:6      | Reached XP level 9. HP: 84/84 MP: 9/9
  4542 | D:6      | 4542 ||| INVOKING Fiery Armour.
  4693 | D:6      | 4693 ||| READING scroll labelled DOJ VE IQYISET.
  4794 | D:6      | 4794 ||| READING scroll labelled ICKATYAMYD.
  4816 | D:6      | 4816 ||| DRINKING 2 green potions.
  4817 | D:6      | 4817 ||| DRINKING 2 blue potions.
  4818 | D:6      | 4818 ||| READING 2 scrolls of identify.
  4818 | D:6      | 4818 ||| IDENTIFYING bubbling white potion
  4819 | D:6      | 4819 ||| DROPPING potion of magic.
  4875 | D:7      | Reached skill level 11 in Unarmed Combat
  5032 | D:7      | 5032 ||| Stepping ~*~*~tactically~*~*~ (hiding).
  5045 | D:7      | 5045 ||| INVOKING Fiery Armour.
  5170 | D:7      | Noticed Menkaure
  5171 | D:7      | 5171 ||| Stepping ~*~*~tactically~*~*~ (hiding).
  5178 | D:7      | Killed Menkaure
  5223 | D:7      | 5223 ||| Stepping ~*~*~tactically~*~*~ (stealth).
  5392 | D:7      | Reached skill level 12 in Unarmed Combat
  5511 | D:7      | 5511 ||| Stepping ~*~*~tactically~*~*~ (stealth).
  5512 | D:7      | 5512 ||| Stepping ~*~*~tactically~*~*~ (stealth).
  5708 | D:7      | 5708 ||| Stepping ~*~*~tactically~*~*~ (stealth).
  5819 | D:7      | 5819 ||| UPGRADING to amulet of the acrobat.
  5824 | D:7      | 5824 ||| READING scroll labelled RURAMPIOJO.
  5825 | D:7      | 5825 ||| READING 2 scrolls of identify.
  5825 | D:7      | 5825 ||| IDENTIFYING cyan potion
  5899 | D:8      | 5899 ||| Stepping ~*~*~tactically~*~*~ (stealth).
  5901 | D:8      | 5901 ||| Stepping ~*~*~tactically~*~*~ (stealth).
  5906 | D:8      | 5906 ||| Stepping ~*~*~tactically~*~*~ (stealth).
  5911 | D:8      | 5911 ||| Stepping ~*~*~tactically~*~*~ (outnumbered).
  5912 | D:8      | 5912 ||| Stepping ~*~*~tactically~*~*~ (outnumbered).
  5913 | D:8      | 5913 ||| Stepping ~*~*~tactically~*~*~ (outnumbered).
  5914 | D:8      | 5914 ||| Stepping ~*~*~tactically~*~*~ (outnumbered).
  5915 | D:8      | 5915 ||| Stepping ~*~*~tactically~*~*~ (outnumbered).
  5917 | D:8      | 5917 ||| Stepping ~*~*~tactically~*~*~ (outnumbered).
  5936 | D:8      | 5936 ||| Stepping ~*~*~tactically~*~*~ (outnumbered).
  5937 | D:8      | 5937 ||| Stepping ~*~*~tactically~*~*~ (outnumbered).
  5938 | D:8      | 5938 ||| Stepping ~*~*~tactically~*~*~ (outnumbered).
  5939 | D:8      | 5939 ||| Stepping ~*~*~tactically~*~*~ (outnumbered).
  5940 | D:8      | 5940 ||| Stepping ~*~*~tactically~*~*~ (outnumbered).
  5995 | D:8      | 5995 ||| Stepping ~*~*~tactically~*~*~ (hiding).
  6061 | D:8      | Reached XP level 10. HP: 62/96 MP: 10/10
  6290 | D:8      | 6290 ||| Stepping ~*~*~tactically~*~*~ (stealth).
  6293 | D:8      | 6293 ||| Stepping ~*~*~tactically~*~*~ (stealth).
  6299 | D:8      | 6299 ||| Stepping ~*~*~tactically~*~*~ (outnumbered).
  6431 | D:8      | 6431 ||| Stepping ~*~*~tactically~*~*~ (stealth).
  6565 | D:8      | Noticed an orc knight
  6566 | D:8      | 6566 ||| Stepping ~*~*~tactically~*~*~ (stealth).
  6569 | D:8      | 6569 ||| INVOKING Fiery Armour.
  6587 | D:8      | 6587 ||| Stepping ~*~*~tactically~*~*~ (outnumbered).
  6592 | D:8      | Killed an orc knight
  6593 | D:8      | Reached skill level 13 in Unarmed Combat
  6647 | D:8      | Noticed a gargoyle
  6647 | D:8      | Noticed a six-headed hydra
  6647 | D:8      | Noticed a boulder beetle
  6647 | D:8      | Noticed a centaur warrior
  6650 | D:8      | 6650 ||| Stepping ~*~*~tactically~*~*~ (outnumbered).
  6652 | D:8      | Killed a nine-headed hydra
  6653 | D:8      | 6653 ||| Stepping ~*~*~tactically~*~*~ (outnumbered).
  6654 | D:8      | 6654 ||| Stepping ~*~*~tactically~*~*~ (hiding).
  6665 | D:8      | Killed a boulder beetle
  6666 | D:8      | Reached skill level 14 in Unarmed Combat
  6670 | D:8      | 6670 ||| Stepping ~*~*~tactically~*~*~ (outnumbered).
  6674 | D:8      | Killed a gargoyle
  6679 | D:8      | Killed a centaur warrior
  6680 | D:8      | Reached skill level 6 in Fighting
  6684 | D:8      | 6684 ||| DRINKING 10 potions of curing.
  6684 | D:8      | 6684 ||| (to cure confusion)
  6813 | D:8      | Noticed Joseph
  6826 | D:8      | 6826 ||| INVOKING Fiery Armour.
  6827 | D:8      | Killed Joseph
  6828 | D:8      | Reached XP level 11. HP: 49/105 MP: 11/11
  7004 | D:8      | 7004 ||| Stepping ~*~*~tactically~*~*~ (outnumbered).
  7006 | D:8      | 7006 ||| Stepping ~*~*~tactically~*~*~ (outnumbered).
  7007 | D:8      | 7007 ||| Stepping ~*~*~tactically~*~*~ (outnumbered).
  7009 | D:8      | 7009 ||| Stepping ~*~*~tactically~*~*~ (outnumbered).
  7010 | D:8      | 7010 ||| Stepping ~*~*~tactically~*~*~ (outnumbered).
  7011 | D:8      | 7011 ||| Stepping ~*~*~tactically~*~*~ (outnumbered).
  7012 | D:8      | 7012 ||| Stepping ~*~*~tactically~*~*~ (outnumbered).
  7014 | D:8      | 7014 ||| Stepping ~*~*~tactically~*~*~ (outnumbered).
  7015 | D:8      | 7015 ||| Stepping ~*~*~tactically~*~*~ (outnumbered).
  7016 | D:8      | 7016 ||| Stepping ~*~*~tactically~*~*~ (outnumbered).
  7017 | D:8      | 7017 ||| Stepping ~*~*~tactically~*~*~ (outnumbered).
  7018 | D:8      | 7018 ||| Stepping ~*~*~tactically~*~*~ (outnumbered).
  7019 | D:8      | 7019 ||| Stepping ~*~*~tactically~*~*~ (outnumbered).
  7020 | D:8      | 7020 ||| Stepping ~*~*~tactically~*~*~ (outnumbered).
  7021 | D:8      | 7021 ||| Stepping ~*~*~tactically~*~*~ (outnumbered).
  7022 | D:8      | 7022 ||| Stepping ~*~*~tactically~*~*~ (outnumbered).
  7023 | D:8      | 7023 ||| Stepping ~*~*~tactically~*~*~ (outnumbered).
  7024 | D:8      | 7024 ||| Stepping ~*~*~tactically~*~*~ (outnumbered).
  7025 | D:8      | 7025 ||| STAIRDANCE
  7050 | D:7      | 7050 ||| DROPPING ring of wizardry.
  7051 | D:7      | 7051 ||| READING scroll labelled SOVOAH KEPYPN.
  7052 | D:7      | 7052 ||| DRINKING 2 sedimented brown potions.
  7053 | D:7      | 7053 ||| READING 2 scrolls of identify.
  7053 | D:7      | 7053 ||| IDENTIFYING golden potion
  7054 | D:7      | 7054 ||| DROPPING potion of flight.
  7055 | D:7      | 7055 ||| DROPPING potion of attraction.
  7058 | D:8      | 7058 ||| Stepping ~*~*~tactically~*~*~ (outnumbered).
  7059 | D:8      | 7059 ||| Stepping ~*~*~tactically~*~*~ (outnumbered).
  7060 | D:8      | 7060 ||| Stepping ~*~*~tactically~*~*~ (outnumbered).
  7061 | D:8      | 7061 ||| Stepping ~*~*~tactically~*~*~ (outnumbered).
  7062 | D:8      | 7062 ||| Stepping ~*~*~tactically~*~*~ (outnumbered).
  7063 | D:8      | 7063 ||| Stepping ~*~*~tactically~*~*~ (outnumbered).
  7064 | D:8      | 7064 ||| Stepping ~*~*~tactically~*~*~ (outnumbered).
  7065 | D:8      | 7065 ||| Stepping ~*~*~tactically~*~*~ (outnumbered).
  7066 | D:8      | 7066 ||| Stepping ~*~*~tactically~*~*~ (outnumbered).
  7067 | D:8      | 7067 ||| Stepping ~*~*~tactically~*~*~ (outnumbered).
  7068 | D:8      | 7068 ||| Stepping ~*~*~tactically~*~*~ (outnumbered).
  7069 | D:8      | 7069 ||| Stepping ~*~*~tactically~*~*~ (outnumbered).
  7070 | D:8      | 7070 ||| Stepping ~*~*~tactically~*~*~ (outnumbered).
  7071 | D:8      | 7071 ||| Stepping ~*~*~tactically~*~*~ (outnumbered).
  7072 | D:8      | 7072 ||| Stepping ~*~*~tactically~*~*~ (outnumbered).
  7073 | D:8      | 7073 ||| Stepping ~*~*~tactically~*~*~ (outnumbered).
  7074 | D:8      | 7074 ||| Stepping ~*~*~tactically~*~*~ (outnumbered).
  7075 | D:8      | 7075 ||| Stepping ~*~*~tactically~*~*~ (outnumbered).
  7076 | D:8      | 7076 ||| Stepping ~*~*~tactically~*~*~ (outnumbered).
  7079 | D:8      | 7079 ||| Stepping ~*~*~tactically~*~*~ (outnumbered).
  7080 | D:8      | 7080 ||| Stepping ~*~*~tactically~*~*~ (outnumbered).
  7405 | D:8      | 7405 ||| READING 2 scrolls of identify.
  7405 | D:8      | 7405 ||| IDENTIFYING fuming dark potion
  7425 | D:9      | Noticed Pikel
  7428 | D:9      | 7428 ||| STAIRDANCE
  7432 | D:8      | Killed Pikel
  7453 | D:9      | 7453 ||| Stepping ~*~*~tactically~*~*~ (stealth).
  7460 | D:9      | Reached skill level 15 in Unarmed Combat
  7461 | D:9      | 7461 ||| Stepping ~*~*~tactically~*~*~ (outnumbered).
  7569 | D:9      | 7569 ||| Stepping ~*~*~tactically~*~*~ (stealth).
  7575 | D:9      | 7575 ||| Stepping ~*~*~tactically~*~*~ (stealth).
  7760 | D:9      | 7760 ||| Stepping ~*~*~tactically~*~*~ (stealth).
  7761 | D:9      | 7761 ||| Stepping ~*~*~tactically~*~*~ (stealth).
  7817 | D:9      | 7817 ||| UPGRADING to +1 hat.
  7822 | D:9      | 7822 ||| READING 2 scrolls of identify.
  7822 | D:9      | 7822 ||| IDENTIFYING emerald potion
  7823 | D:9      | 7823 ||| DROPPING potion of lignification.
  7845 | D:10     | Entered Level 10 of the Dungeon
  7848 | D:10     | 7848 ||| STAIRDANCE
  7867 | D:10     | 7867 ||| STAIRDANCE
  7873 | D:10     | 7873 ||| STAIRDANCE
  7886 | D:10     | 7886 ||| STAIRDANCE
  7891 | D:10     | 7891 ||| Stepping ~*~*~tactically~*~*~ (outnumbered).
  7892 | D:10     | 7892 ||| Stepping ~*~*~tactically~*~*~ (outnumbered).
  7893 | D:10     | 7893 ||| Stepping ~*~*~tactically~*~*~ (outnumbered).
  7893 | D:10     | Noticed a two-headed ogre
  7894 | D:10     | 7894 ||| Stepping ~*~*~tactically~*~*~ (outnumbered).
  7895 | D:10     | 7895 ||| Stepping ~*~*~tactically~*~*~ (outnumbered).
  7896 | D:10     | 7896 ||| Stepping ~*~*~tactically~*~*~ (outnumbered).
  7897 | D:10     | 7897 ||| Stepping ~*~*~tactically~*~*~ (outnumbered).
  7898 | D:10     | 7898 ||| Stepping ~*~*~tactically~*~*~ (outnumbered).
  7900 | D:10     | 7900 ||| INVOKING Fiery Armour.
  7901 | D:10     | 7901 ||| Stepping ~*~*~tactically~*~*~ (outnumbered).
  7902 | D:10     | 7902 ||| Stepping ~*~*~tactically~*~*~ (outnumbered).
  7903 | D:10     | 7903 ||| Stepping ~*~*~tactically~*~*~ (outnumbered).
  7904 | D:10     | 7904 ||| Stepping ~*~*~tactically~*~*~ (outnumbered).
  7905 | D:10     | 7905 ||| Stepping ~*~*~tactically~*~*~ (outnumbered).
  7906 | D:10     | 7906 ||| Stepping ~*~*~tactically~*~*~ (outnumbered).
  7913 | D:10     | Killed a two-headed ogre
  7954 | D:10     | 7954 ||| Stepping ~*~*~tactically~*~*~ (stealth).
  8103 | D:10     | Reached skill level 16 in Unarmed Combat
  8175 | D:10     | Found a staircase to the Lair.
  8469 | D:10     | 8469 ||| PLANNING LAIR
  8469 | D:10     | 8469 ||| READING 2 scrolls of identify.
  8469 | D:10     | 8469 ||| IDENTIFYING orange potion
  8470 | D:10     | 8470 ||| DROPPING potion of brilliance.
  8500 | Lair:1   | Entered Level 1 of the Lair of Beasts
  8734 | Lair:1   | 8734 ||| Stepping ~*~*~tactically~*~*~ (stealth).
  9005 | Lair:1   | 9005 ||| Stepping ~*~*~tactically~*~*~ (stealth).
  9242 | Lair:1   | 9242 ||| READING scroll labelled LYILUM RIQIDE.
  9278 | Lair:2   | 9278 ||| STAIRDANCE
  9286 | Lair:1   | Reached skill level 6 in Throwing
  9300 | Lair:2   | 9300 ||| Stepping ~*~*~tactically~*~*~ (outnumbered).
  9317 | Lair:2   | 9317 ||| Stepping ~*~*~tactically~*~*~ (outnumbered).
  9318 | Lair:2   | 9318 ||| Stepping ~*~*~tactically~*~*~ (outnumbered).
  9324 | Lair:2   | 9324 ||| INVOKING Fiery Armour.
  9327 | Lair:2   | Reached XP level 12. HP: 57/118 MP: 12/12
  9379 | Lair:2   | Noticed a six-headed hydra
  9386 | Lair:2   | Killed a nine-headed hydra
  9461 | Lair:2   | 9461 ||| Stepping ~*~*~tactically~*~*~ (hiding).
  9518 | Lair:2   | 9518 ||| Stepping ~*~*~tactically~*~*~ (stealth).
  9568 | Lair:2   | 9568 ||| Stepping ~*~*~tactically~*~*~ (stealth).
  9573 | Lair:2   | 9573 ||| Stepping ~*~*~tactically~*~*~ (hiding).
  9633 | Lair:2   | Noticed a six-headed hydra
  9634 | Lair:2   | 9634 ||| INVOKING Fiery Armour.
  9641 | Lair:2   | Killed an eight-headed hydra
  9660 | Lair:2   | Found a staircase to the Swamp.
  9660 | Lair:2   | Noticed a five-headed hydra
  9665 | Lair:2   | Killed a seven-headed hydra
  9666 | Lair:2   | Reached skill level 17 in Unarmed Combat
  9781 | Lair:2   | 9781 ||| FLEEEEING.
  9793 | Lair:2   | 9793 ||| Stepping ~*~*~tactically~*~*~ (stealth).
  9795 | Lair:2   | 9795 ||| INVOKING Fiery Armour.
  9805 | Lair:2   | 9805 ||| Stepping ~*~*~tactically~*~*~ (outnumbered).
  9894 | Lair:2   | 9894 ||| PLANNING TEMPLE
  9894 | Lair:2   | 9894 ||| READING scroll labelled PENETR ZUTOS.
  9932 | Lair:2   | 9932 ||| Stepping ~*~*~tactically~*~*~ (stealth).
  9933 | Lair:2   | 9933 ||| Stepping ~*~*~tactically~*~*~ (stealth).
  9937 | Lair:2   | 9937 ||| Stepping ~*~*~tactically~*~*~ (outnumbered).
  9940 | Lair:2   | 9940 ||| Stepping ~*~*~tactically~*~*~ (outnumbered).
  9941 | Lair:2   | 9941 ||| Stepping ~*~*~tactically~*~*~ (outnumbered).
  9942 | Lair:2   | 9942 ||| Stepping ~*~*~tactically~*~*~ (outnumbered).
  9943 | Lair:2   | 9943 ||| Stepping ~*~*~tactically~*~*~ (outnumbered).
  9944 | Lair:2   | 9944 ||| Stepping ~*~*~tactically~*~*~ (outnumbered).
  9945 | Lair:2   | 9945 ||| Stepping ~*~*~tactically~*~*~ (outnumbered).
  9969 | Lair:2   | 9969 ||| Stepping ~*~*~tactically~*~*~ (outnumbered).
 10023 | Lair:2   | 10023 ||| Stepping ~*~*~tactically~*~*~ (stealth).
 10024 | Lair:2   | 10024 ||| Stepping ~*~*~tactically~*~*~ (stealth).
 10026 | Lair:2   | 10026 ||| Stepping ~*~*~tactically~*~*~ (stealth).
 10030 | Lair:2   | 10030 ||| Stepping ~*~*~tactically~*~*~ (outnumbered).
 10031 | Lair:2   | 10031 ||| Stepping ~*~*~tactically~*~*~ (outnumbered).
 10032 | Lair:2   | 10032 ||| Stepping ~*~*~tactically~*~*~ (outnumbered).
 10036 | Lair:2   | 10036 ||| Stepping ~*~*~tactically~*~*~ (outnumbered).
 10036 | Lair:2   | Noticed a catoblepas
 10037 | Lair:2   | 10037 ||| Stepping ~*~*~tactically~*~*~ (stealth).
 10040 | Lair:2   | 10040 ||| Stepping ~*~*~tactically~*~*~ (outnumbered).
 10044 | Lair:2   | 10044 ||| Stepping ~*~*~tactically~*~*~ (cloud).
 10046 | Lair:2   | 10046 ||| Stepping ~*~*~tactically~*~*~ (outnumbered).
 10047 | Lair:2   | 10047 ||| Stepping ~*~*~tactically~*~*~ (cloud).
 10050 | Lair:2   | 10050 ||| Stepping ~*~*~tactically~*~*~ (outnumbered).
 10060 | Lair:2   | 10060 ||| Stepping ~*~*~tactically~*~*~ (cloud).
 10063 | Lair:2   | Killed a catoblepas
 10064 | Lair:2   | Reached skill level 18 in Unarmed Combat
 10064 | Lair:2   | 10064 ||| FLEEEEING.
 10065 | Lair:2   | 10065 ||| FLEEEEING.
 10066 | Lair:2   | 10066 ||| FLEEEEING.
 10250 | Temple   | Entered the Ecumenical Temple
 10250 | Temple   | Found a transporter.
 10250 | Temple   | Found a transporter.
 10252 | Temple   | Found a transporter.
 10252 | Temple   | Found a transporter.
 10261 | Temple   | 10261 ||| PLANNING CONVERSION TO OKAWARU
 10268 | Temple   | Fell from the grace of Ignis
 10268 | Temple   | Became a worshipper of Warmaster Okawaru
 10269 | Temple   | 10269 ||| PLANNING LAIR
 10535 | Lair:2   | Found a runed translucent gate.
 10535 | Lair:2   | Found a runed translucent gate.
 10535 | Lair:2   | Found a runed translucent gate.
 10538 | Lair:2   | Noticed a nine-headed hydra
 10538 | Lair:2   | Noticed qw's ghost (journeyman TrCA)
 10832 | Lair:2   | 10832 ||| READING 2 scrolls of identify.
 10832 | Lair:2   | 10832 ||| IDENTIFYING white potion
 10833 | Lair:2   | 10833 ||| DROPPING potion of degeneration.
 10855 | Lair:3   | 10855 ||| Stepping ~*~*~tactically~*~*~ (stealth).
 10858 | Lair:3   | 10858 ||| Stepping ~*~*~tactically~*~*~ (outnumbered).
 10917 | Lair:3   | 10917 ||| Stepping ~*~*~tactically~*~*~ (hiding).
 10939 | Lair:3   | Found a hole to the Spider Nest.
 10994 | Lair:3   | Noticed a four-headed hydra
 11003 | Lair:3   | Killed a six-headed hydra
 11016 | Lair:3   | Reached * piety under Okawaru
 11085 | Lair:3   | 11085 ||| READING scroll of enchant armour.
 11085 | Lair:3   | 11085 ||| ENCHANTING +1 hat.
 11088 | Lair:3   | 11088 ||| Stepping ~*~*~tactically~*~*~ (hiding).
 11109 | Lair:3   | 11109 ||| Stepping ~*~*~tactically~*~*~ (outnumbered).
 11142 | Lair:3   | 11142 ||| INVOKING Heroism.
 11149 | Lair:3   | Reached skill level 1 in Invocations
 11250 | Lair:3   | You fall into a shaft and drop 2 floors!
 11250 | Lair:5   | Entered Level 5 of the Lair of Beasts
 11255 | Lair:5   | 11255 ||| Stepping ~*~*~tactically~*~*~ (outnumbered).
 11262 | Lair:5   | Reached XP level 13. HP: 120/127 MP: 13/13
 11262 | Lair:5   | 11262 ||| INVOKING Heroism.
 11274 | Lair:5   | Reached ** piety under Okawaru
 11277 | Lair:5   | 11277 ||| Stepping ~*~*~tactically~*~*~ (outnumbered).
 11278 | Lair:5   | 11278 ||| Stepping ~*~*~tactically~*~*~ (outnumbered).
 11279 | Lair:5   | 11279 ||| INVOKING Heroism.
 11280 | Lair:5   | 11280 ||| Stepping ~*~*~tactically~*~*~ (outnumbered).
 11283 | Lair:5   | 11283 ||| Stepping ~*~*~tactically~*~*~ (outnumbered).
 11284 | Lair:5   | 11284 ||| Stepping ~*~*~tactically~*~*~ (outnumbered).
 11287 | Lair:5   | 11287 ||| Stepping ~*~*~tactically~*~*~ (outnumbered).
 11288 | Lair:5   | 11288 ||| Stepping ~*~*~tactically~*~*~ (outnumbered).
 11298 | Lair:5   | 11298 ||| Stepping ~*~*~tactically~*~*~ (outnumbered).
 11300 | Lair:5   | 11300 ||| INVOKING Heroism.
 11301 | Lair:5   | 11301 ||| Stepping ~*~*~tactically~*~*~ (outnumbered).
 11306 | Lair:5   | Reached skill level 3 in Invocations
 11311 | Lair:5   | HP: 18/127 [death yak (20)]
 11312 | Lair:5   | 11312 ||| READING 3 scrolls of teleportation.
 11313 | Lair:5   | 11313 ||| DRINKING 2 potions of heal wounds.
 11314 | Lair:5   | 11314 ||| DRINKING potion of heal wounds.
 11319 | Lair:5   | 11319 ||| Stepping ~*~*~tactically~*~*~ (stealth).
 11322 | Lair:5   | 11322 ||| INVOKING Heroism.
 11429 | Lair:5   | 11429 ||| Stepping ~*~*~tactically~*~*~ (stealth).
 11446 | Lair:5   | Reached *** piety under Okawaru
 11469 | Lair:5   | 11469 ||| Stepping ~*~*~tactically~*~*~ (stealth).
 11473 | Lair:5   | 11473 ||| INVOKING Heroism.
 11538 | Lair:5   | 11538 ||| INVOKING Heroism.
 11596 | Lair:5   | 11596 ||| INVOKING Heroism.
 11652 | Lair:5   | 11652 ||| UPGRADING to ring of poison resistance.
 11654 | Lair:5   | 11654 ||| UPGRADING to +4 ring of protection.
 11668 | Lair:4   | 11668 ||| INVOKING Heroism.
 11669 | Lair:4   | 11669 ||| Stepping ~*~*~tactically~*~*~ (outnumbered).
 11719 | Lair:4   | 11719 ||| INVOKING Heroism.
 11720 | Lair:4   | 11720 ||| Stepping ~*~*~tactically~*~*~ (stealth).
 11721 | Lair:4   | 11721 ||| Stepping ~*~*~tactically~*~*~ (stealth).
 11745 | Lair:4   | 11745 ||| INVOKING Heroism.
 11807 | Lair:4   | 11807 ||| Stepping ~*~*~tactically~*~*~ (outnumbered).
 11808 | Lair:4   | 11808 ||| Stepping ~*~*~tactically~*~*~ (outnumbered).
 11809 | Lair:4   | 11809 ||| Stepping ~*~*~tactically~*~*~ (outnumbered).
 11811 | Lair:4   | 11811 ||| Stepping ~*~*~tactically~*~*~ (outnumbered).
 11812 | Lair:4   | 11812 ||| Stepping ~*~*~tactically~*~*~ (outnumbered).
 11813 | Lair:4   | 11813 ||| Stepping ~*~*~tactically~*~*~ (outnumbered).
 11814 | Lair:4   | 11814 ||| Stepping ~*~*~tactically~*~*~ (outnumbered).
 11815 | Lair:4   | 11815 ||| Stepping ~*~*~tactically~*~*~ (outnumbered).
 11816 | Lair:4   | 11816 ||| Stepping ~*~*~tactically~*~*~ (outnumbered).
 11882 | Lair:4   | 11882 ||| Stepping ~*~*~tactically~*~*~ (stealth).
 11886 | Lair:4   | 11886 ||| Stepping ~*~*~tactically~*~*~ (stealth).
 11888 | Lair:4   | 11888 ||| Stepping ~*~*~tactically~*~*~ (stealth).
 11890 | Lair:4   | 11890 ||| INVOKING Heroism.
 11892 | Lair:4   | 11892 ||| Stepping ~*~*~tactically~*~*~ (stealth).
 11895 | Lair:4   | 11895 ||| Stepping ~*~*~tactically~*~*~ (outnumbered).
 11896 | Lair:4   | 11896 ||| Stepping ~*~*~tactically~*~*~ (stealth).
 11897 | Lair:4   | 11897 ||| Stepping ~*~*~tactically~*~*~ (outnumbered).
 11898 | Lair:4   | 11898 ||| Stepping ~*~*~tactically~*~*~ (stealth).
 11899 | Lair:4   | 11899 ||| Stepping ~*~*~tactically~*~*~ (outnumbered).
 11900 | Lair:4   | 11900 ||| Stepping ~*~*~tactically~*~*~ (outnumbered).
 11901 | Lair:4   | 11901 ||| Stepping ~*~*~tactically~*~*~ (outnumbered).
 11902 | Lair:4   | 11902 ||| Stepping ~*~*~tactically~*~*~ (outnumbered).
 11903 | Lair:4   | 11903 ||| Stepping ~*~*~tactically~*~*~ (outnumbered).
 11904 | Lair:4   | 11904 ||| Stepping ~*~*~tactically~*~*~ (outnumbered).
 11905 | Lair:4   | 11905 ||| Stepping ~*~*~tactically~*~*~ (outnumbered).
 11910 | Lair:4   | 11910 ||| Stepping ~*~*~tactically~*~*~ (stealth).
 11911 | Lair:4   | Reached **** piety under Okawaru
 11945 | Lair:4   | Found a staircase to the Slime Pits.
 11946 | Lair:4   | Found a viscous altar of Jiyva.
 11951 | Lair:4   | 11951 ||| INVOKING Heroism.
 12075 | Lair:4   | 12075 ||| Stepping ~*~*~tactically~*~*~ (outnumbered).
 12076 | Lair:4   | 12076 ||| Stepping ~*~*~tactically~*~*~ (outnumbered).
 12077 | Lair:4   | 12077 ||| Stepping ~*~*~tactically~*~*~ (outnumbered).
 12078 | Lair:4   | 12078 ||| Stepping ~*~*~tactically~*~*~ (outnumbered).
 12079 | Lair:4   | 12079 ||| Stepping ~*~*~tactically~*~*~ (outnumbered).
 12080 | Lair:4   | 12080 ||| Stepping ~*~*~tactically~*~*~ (outnumbered).
 12081 | Lair:4   | 12081 ||| Stepping ~*~*~tactically~*~*~ (outnumbered).
 12082 | Lair:4   | 12082 ||| Stepping ~*~*~tactically~*~*~ (outnumbered).
 12083 | Lair:4   | 12083 ||| Stepping ~*~*~tactically~*~*~ (outnumbered).
 12084 | Lair:4   | 12084 ||| Stepping ~*~*~tactically~*~*~ (outnumbered).
 12085 | Lair:4   | 12085 ||| Stepping ~*~*~tactically~*~*~ (outnumbered).
 12086 | Lair:4   | 12086 ||| Stepping ~*~*~tactically~*~*~ (outnumbered).
 12087 | Lair:4   | 12087 ||| Stepping ~*~*~tactically~*~*~ (outnumbered).
 12089 | Lair:4   | 12089 ||| Stepping ~*~*~tactically~*~*~ (outnumbered).
 12090 | Lair:4   | 12090 ||| Stepping ~*~*~tactically~*~*~ (outnumbered).
 12091 | Lair:4   | 12091 ||| Stepping ~*~*~tactically~*~*~ (outnumbered).
 12246 | Lair:4   | 12246 ||| INVOKING Heroism.
 12359 | Lair:4   | You fall into a shaft and drop 1 floor!
 12367 | Lair:5   | 12367 ||| INVOKING Heroism.
 12370 | Lair:5   | Reached skill level 19 in Unarmed Combat
 12371 | Lair:5   | 12371 ||| Stepping ~*~*~tactically~*~*~ (outnumbered).
 12376 | Lair:5   | 12376 ||| Stepping ~*~*~tactically~*~*~ (outnumbered).
 12378 | Lair:5   | 12378 ||| Stepping ~*~*~tactically~*~*~ (outnumbered).
 12381 | Lair:5   | 12381 ||| DRINKING potion of cancellation.
 12385 | Lair:5   | HP: 31/127 [cane toad (17)]
 12386 | Lair:5   | 12386 ||| READING 3 scrolls of teleportation.
 12386 | Lair:5   | HP: 15/127 [elephant (1)]
 12387 | Lair:5   | Slain by a cane toad

Levels and vault maps discovered:
D:1:      denvon_arrival_planthouse, layout_loops_ring,
          chequers_ecumenical_altar_island
D:2:      layout_loops_ring, hangedman_decor_clover_reticule,
          chequers_hall_statues_wall_a
D:3:      layout_loops_corners, mainiacjoe_overflow_small_starburst
D:4:      layout_basic, zin_angel, kiku_gazebo_pond_becter,
          minmay_temple_entry_butterflies, cheibrodos_sewer_entry_drain,
          serial_shops, shop, minivault_11
D:5:      layout_rooms, uniq_blork_the_orc, uniq_prince_ribbit1, uniq_duvessa
D:6:      layout_rooms, lightli_minifort
D:7:      layout_basic, uniq_menkaure
D:8:      minmay_the_grid_plus [minmay_the_grid_armoury,
          minmay_the_grid_minigrid_large, minmay_the_grid_empty,
          minmay_the_grid_dragon_a, minmay_the_grid_prize_big_room],
          layout_layer_cave, nrook_mini_vaults, uniq_joseph
D:9:      layout_rooms, uniq_pikel
D:10:     layout_cross, due_lair_maze_entry_diamond
Temple:   hellmonk_temple_divided_pantheon
Lair:1:   layout_hall_layers
Lair:2:   layout_long_grid, palyth_hydra_swamp_entry,
          gammafunk_ghost_hydra_chop, grunt_megastairs_4
Lair:3:   layout_gridlike, spider_nest_entry_rubble
Lair:4:   layout_hall_layers, minmay_slime_entry_pillars, lemuel_fruit_fields,
          serial_bayou_shore_b, grunt_megastairs_1, infiniplex_staircase_pool,
          lemuel_fruit_fields, uniq_kirke
Lair:5:   hangedman_lair_in_review, layout_cave_pods,
          hangedman_lair_tendril_chambers, nicolae_quartered_pool_little,
          chequers_serial_rivers_small_a, serial_bayou_shore_b

Skill      XL: |  1  2  3  4  5  6  7  8  9 10 11 12 13 |
---------------+----------------------------------------+-----
Unarmed Combat | 4 5 7 8 9 10 12 14 16 18 19 | 19.0
Fighting       | 3 4 5 6 7 8 |  8.1
Throwing       | 1 3 4 5 7 8 |  8.0
Dodging        | 1 2 |  2.0
Armour         | 1 2 |  2.1
Invocations    | 1 5 |  5.3
Spellcasting   | |  1.0
Fire Magic     | |  2.1

Action                   |  1- 3 |  4- 6 |  7- 9 | 10-12 | 13-15 || total
-------------------------+-------+-------+-------+-------+-------++-------
Melee: Unarmed           |   126 |   124 |   256 |   431 |   182 ||  1119
       Punch             |       |     2 |     7 |    35 |    18 ||    62
Throw: Boomerang         |       |    16 |    40 |    75 |    21 ||   152
       Large rock        |       |       |    34 |    27 |    17 ||    78
Invok: Fiery Armour      |       |     1 |     5 |     6 |       ||    12
       Heroism           |       |       |       |     1 |    14 ||    15
  Use: Scroll            |     7 |     4 |     6 |     9 |     2 ||    28
       Potion            |     1 |     1 |     3 |     2 |     3 ||    10
 Stab: Petrified         |       |       |       |     3 |       ||     3
Armor: Robe              |    48 |    40 |       |       |       ||    88
       Troll leather arm |       |    19 |    97 |   141 |    72 ||   329
Dodge: Dodged            |    71 |    41 |   113 |   199 |    80 ||   504

Table legend:
 A = Non-vault XP
 B = Vault XP
 C = Vault XP percentage of total XP
 D = Non-vault monster count
 E = Vault monster count
 F = Vault count percentage of total count
                 A         B        C        D         E       F
            +---------+---------+-------+---------+---------+-------
      Total |   36663 |   19763 |  35.0 |     313 |      89 |  22.1
            +---------+---------+-------+---------+---------+-------
        D:1 |      30 |       0 |   0.0 |      19 |       0 |   0.0
        D:2 |      66 |       0 |   0.0 |      24 |       0 |   0.0
        D:3 |     175 |       0 |   0.0 |      20 |       0 |   0.0
        D:4 |     412 |       7 |   1.7 |      29 |       3 |   9.4
        D:5 |     542 |     566 |  51.1 |      14 |       4 |  22.2
        D:6 |     966 |     224 |  18.8 |      26 |       5 |  16.1
        D:7 |    1719 |     165 |   8.8 |      34 |       1 |   2.9
        D:8 |    2010 |    6257 |  75.7 |      24 |      19 |  44.2
        D:9 |     765 |     486 |  38.8 |      22 |       4 |  15.4
       D:10 |    2146 |     834 |  28.0 |      10 |       6 |  37.5
     Lair:1 |    2124 |       0 |   0.0 |      10 |       0 |   0.0
     Lair:2 |    9512 |    4221 |  30.7 |      30 |      15 |  33.3
     Lair:3 |    3918 |     233 |   5.6 |      14 |       1 |   6.7
     Lair:4 |    6509 |    1944 |  23.0 |      24 |      10 |  29.4
     Lair:5 |    5769 |    4674 |  44.8 |      13 |      14 |  51.9
      Sewer |       0 |     152 | 100.0 |       0 |       7 | 100.0
            +---------+---------+-------+---------+---------+-------
